 Dungeon Crawl Stone Soup version 0.31.0-11-ge490571c62 (webtiles) character file.

Game seed: 4385105510809482723

102 Bobbunny the Ruffian (level 4, 0/40 HPs)
             Began as a Naga Shapeshifter on Jan 27, 2024.
             Killed by nerve-wracking pain
             ... invoked by Grinder
              (6 damage)
             ... on level 3 of the Dungeon.
             The game lasted 00:01:45 (1629 turns).

Bobbunny the Ruffian (Naga Shapeshifter)            Turns: 1629, Time: 00:01:45

Health: 0/40       AC:  5    Str: 18    XL:     4   Next: 77%
Magic:  4/4        EV:  5    Int: 10    God:
Gold:   139        SH:  0    Dex: 11    Spells: 3/3 levels left

rFire   . .          .
                       - Unarmed
rCold   . . .        (no shield)
rNeg    . . .        j - +0 chain mail
rPois   +            (helmet currently unavailable)
rElec   .            (cloak currently unavailable)
rCorr   .            (gloves currently unavailable)
SInv    +            (no barding)
Will    .....        (no amulet) Stlth
                     (no ring)
HPRegen 0.26/turn    (no ring)
MPRegen 0.09/turn

%: no passive effects
@: mighty, short of breath, beast-form, very slow
A: beast (slay +2), AC +1, large, see invisible, deformed body, poison
resistance, slowness 2, spit poison 1, naga tail 1
a: Spit Poison, Begin Untransformation


You were on level 3 of the Dungeon.
You were a hulking beast.
You visited 1 branch of the dungeon, and saw 3 of its levels.

You collected 139 gold pieces.

Inventory:

Armour
 g - a +2 helmet
 j - a +0 chain mail (worn)
Talismans
 c - a beast talisman
 d - a flux talisman
Scrolls
 f - a scroll of identify {unknown}
 i - a scroll of revelation {unknown}
 l - 3 scrolls of enchant armour {unknown}
 m - a scroll of torment {unknown}
Potions
 a - a potion of attraction {unknown}
 b - 2 potions of lignification
 e - a potion of enlightenment {unknown}
 h - a potion of might
 k - a potion of degeneration {unknown}


   Skills:
 + Level 2.6 Fighting
 - Level 1.5 Dodging
 + Level 3.9 Unarmed Combat
 + Level 3.7 Shapeshifting


You had 3 spell levels left.
You didn't know any spells.
Your spell library contained the following spells:

 Spells                   Type           Power      Damage    Failure   Level
 Slow                     Hex            0%         N/A       99%         1
 Confusing Touch          Hex            0%         N/A       100%        3
 Inner Flame              Hex/Fire       0%         N/A       100%        3
 Sigil of Binding         Hex            0%         N/A       100%        3
 Vampiric Draining        Necr           0%         2d6       100%        3
 Irradiate                Conj/Alch      0%         3d11      100%        5
 Ignition                 Fire           0%         3d3       100%        8


Dungeon Overview and Level Annotations

Branches:
Dungeon (3/15)

Altars:

Annotations:
D:3 Grinder


Innate Abilities, Weirdness & Mutations

You are a hulking beast.
Your limbs bulge with bestial killing power. (Slay +2)
Your serpentine skin is tough. (AC +1)
You have supernaturally acute eyesight. (SInv)
Armour fits poorly on your strangely shaped body.
Your system is resistant to poisons. (rPois)
You cover ground very slowly.
You can spit poison.
You have a snake-like lower body.


Message History

Grinder is lightly wounded.
An orc comes into view. It is wielding a +0 heavy hand axe.
The hobgoblin hits you.
Unknown command.
Grinder attacks as she pursues you! Grinder hits you but does no damage.
Grinder says, "I used to sell toenails on the black market."
Grinder hits you.
You writhe in agony.
The hobgoblin attacks as it pursues you!
The hobgoblin hits you.
The hobgoblin attacks as it pursues you!
The hobgoblin barely misses you.
The hobgoblin attacks as it pursues you!
The hobgoblin barely misses you. The hobgoblin hits you.
You have got your breath back.
Grinder hits you.
You writhe in agony.
Grinder attacks as she pursues you! Grinder hits you.
You writhe in agony.
Grinder hits you!
* * * LOW HITPOINT WARNING * * *
You writhe in agony.
* * * LOW HITPOINT WARNING * * *
Aiming: Spit Poison (1% risk of failure)
Press: ? - help, Shift-Dir - straight line, f - hobgoblin, p - Grinder
Aim: a hobgoblin (59% to hit)
The splash of poison hits Grinder.
Grinder is poisoned.
Grinder is lightly wounded.
Grinder hits you.
* * * LOW HITPOINT WARNING * * *
You writhe in agony.
* * * LOW HITPOINT WARNING * * *
Unknown command.
It was a potion of might.
You feel very mighty all of a sudden. Grinder barely misses you.
You hit Grinder.
Grinder is moderately wounded.
Grinder sighs, "No one appreciates my work."
Grinder gestures at you. Pain shoots through your body!
You die...
Grinder sighs, "Dead already?
I want a refund."

#.#...........
#.#.##........
#.#†##........
#.#.##.#8###8#
#.#.##.########
#....+........##
###.##.........#
#.#####+###'.###
##+#####g5h.'...#
#........####...#
#.......g..##...#
#..........##...#
#..........######
#8#.....######
........#
...............
............§..


You could see Grinder (poisoned) and a hobgoblin.

Vanquished Creatures
  5 adders (D:2)
  A dart slug (D:1)
  An orc (D:2)
  8 bats
  3 endoplasms
  2 giant cockroaches (D:1)
  4 hobgoblins
  9 jackals
  A quokka (D:2)
  3 ball pythons
  3 frilled lizards
  2 goblins (D:1)
  4 kobolds
  7 rats
53 creatures vanquished.

Notes
Turn   | Place    | Note
-------+----------+-------------------------------------------
     0 | D:1      | Bobbunny the Naga Shapeshifter began the quest for the Orb.
     0 | D:1      | Reached XP level 1. HP: 18/18 MP: 1/1
   248 | D:1      | Reached XP level 2. HP: 14/25 MP: 2/2
   876 | D:2      | Reached XP level 3. HP: 16/32 MP: 3/3
  1078 | D:2      | Reached XP level 4. HP: 29/39 MP: 4/4
  1422 | D:2      | Found a faded altar of an unknown god.
  1617 | D:3      | Noticed Grinder
  1629 | D:3      | Killed from afar by Grinder

Illustrated notes

Levels and vault maps discovered:
D:1:      heliophobic_arrival_enchanted_forest, layout_loops_cross
D:2:      layout_basic, shapermc_ecumenical_altar_notcrosses,
          kennysheep_generic_room_4
D:3:      layout_basic, old_standard_altar, serial_corexii_hall,
          corexii_hall_statues_l, corexii_hall_statues_u,
          chequers_hall_statues_y, corexii_hall_statues_x,
          corexii_hall_statues_u, corexii_hall_statues_l, st_stairs_14,
          grunt_decor_cap, minivault_23, uniq_grinder

Skill      XL: |  1  2  3 |
---------------+----------+-----
Fighting       | 2 |  2.6
Dodging        | |  1.5
Unarmed Combat | |  3.9
Shapeshifting  | |  3.7

Action                     |  1- 3 |  4- 6 || total
---------------------------+-------+-------++-------
  Melee: Unarmed           |   112 |    56 ||   168
         Punch             |     2 |     2 ||     4
Ability: Spit Poison       |       |     2 ||     2
    Use: Potion            |       |     1 ||     1
 Armour: Animal skin       |    51 |       ||    51
         Chain mail        |    55 |    77 ||   132
  Dodge: Dodged            |    58 |    16 ||    74
